 Dungeon Crawl Stone Soup version 0.31-a0-825-gf28bc0971e (webtiles) character file.

Game seed: 15371320741298995228

42 qw the Shooter (level 3, -2/22 HPs)
             Began as a Gargoyle Hunter on Sept 23, 2023.
             Slain by Terence
             ... wielding a +0 hand axe
              (4 damage)
             ... on level 2 of the Dungeon.
             The game lasted 00:00:31 (1091 turns).

qw the Shooter (Gargoyle Hunter)                    Turns: 1091, Time: 00:00:31

Health: -2/22      AC:  7    Str: 14    XL:     3   Next: 54%
Magic:  3/3        EV: 11    Int:  9    God:
Gold:   94         SH:  0    Dex: 15    Spells: 2/2 levels left

rFire   . . .        Y - +0 shortbow
rCold   . . .        (shield currently unavailable)
rNeg    + . .        c - +0 leather armour
rPois   inf          (no helmet)
rElec   +            (no cloak)
rCorr   .            (no gloves)
SInv    .            h - +0 pair of boots
Will    .....        (no amulet)
Stlth   ++           (no ring)
HPRegen 0.23/turn    (no ring)
MPRegen 0.08/turn

%: no passive effects
@: no status effects
A: sickness immunity, AC +3, negative energy resistance 1, electricity
resistance, torment resistance 1, petrification resistance
a: no special abilities


You were on level 2 of the Dungeon.
You visited 1 branch of the dungeon, and saw 2 of its levels.

You collected 94 gold pieces.


Innate Abilities, Weirdness & Mutations

You are immune to sickness and miasma.
Your stone body is resilient. (AC +3)
You are immune to poison.
You resist negative energy. (rN+)
You are resistant to electric shocks. (rElec)
You are resistant to unholy torment.
You are immune to petrification.


   Skills:
 + Level 2.7 Fighting
 - Level 5.0 Ranged Weapons
 - Level 1.5 Dodging
 - Level 1.1 Stealth


You had 2 spell levels left.
You didn't know any spells.
Your spell library was empty.

Inventory:

Hand Weapons
 Y - a +0 shortbow (weapon)
Armour
 c - a +0 leather armour (worn)
 e - a +0 ring mail
 h - a +0 pair of boots (worn)
Scrolls
 a - a scroll of identify
 b - a scroll of noise {unknown}
 i - a scroll of fog {unknown}
Potions
 d - a potion of might
 f - a potion of ambrosia {unknown}
 g - a potion of enlightenment

Dungeon Overview and Level Annotations

Branches:
Dungeon (2/15)

Altars:

Annotations:
D:2 Terence


Message History

1063 ||| STILL FLEEEEING.
1064 ||| FLEEEEING.
1065 ||| STILL FLEEEEING.
1066 ||| STILL FLEEEEING.
1067 ||| STILL FLEEEEING.
1068 ||| STILL FLEEEEING.
1069 ||| FLEEEEING.
1070 ||| FLEEEEING.
1071 ||| STILL FLEEEEING.
1072 ||| STILL FLEEEEING.
1073 ||| STILL FLEEEEING.
1074 ||| STILL FLEEEEING.
1075 ||| STILL FLEEEEING.
1076 ||| STILL FLEEEEING.
1077 ||| STILL FLEEEEING.
You start resting.
Terence is nearby!
You shoot an arrow. The arrow closely misses Terence.
You shoot an arrow. The arrow hits Terence.
Terence is moderately wounded.
Terence zaps a wand.
The puff of flame hits you!
You shoot an arrow.
The arrow hits Terence but does no damage.
Terence is moderately wounded.
Terence zaps a wand.
The puff of flame hits you.
You shoot an arrow. The arrow barely misses Terence.
Terence zaps a wand.
The puff of flame hits you.
You shoot an arrow. The arrow closely misses Terence.
Terence closely misses you.
You shoot an arrow. The arrow hits Terence.
Terence is severely wounded.
Terence hits you with a +0 hand axe.
You shoot an arrow.
The arrow hits Terence but does no damage.
Terence is severely wounded.
Terence misses you. Terence hits you with a +0 hand axe.
You shoot an arrow. The arrow hits Terence.
Terence is almost dead.
Terence hits you with a +0 hand axe.
You die...

#...# ####.#####.#####.# #...#
#..........#####.# #...#
#.##.####........#
#####...#####.##.# #.##.....#
..............##.####.##.....#
..........#...........)....[.#
...............#..##...#.....#
#####...#####..#@.##...#.....#
#...# #..#@.##...####### #...#
#..........### #...#
##.##......<.# #...#
#.........#.# #...#
#.###.#..##.########
##.#######.......^...........
#.........###.#####.########
#########.# #.#####.#
.........# #.......#


You could see Terence.

Vanquished Creatures
  2 dart slugs
  6 ball pythons
  2 bats
  6 endoplasms (D:1)
  A giant cockroach (D:1)
  4 goblins
  A hobgoblin (D:1)
  2 jackals (D:1)
  2 kobolds
  A quokka (D:1)
  A frilled lizard (D:2)
  3 rats
31 creatures vanquished.

Notes
Turn   | Place    | Note
-------+----------+-------------------------------------------
     0 | D:1      | qw the Gargoyle Hunter began the quest for the Orb.
     0 | D:1      | Reached XP level 1. HP: 12/12 MP: 1/1
     0 | D:1      | 0 ||| qw: Version: 0.3-a-83-gcd0e7d8
     0 | D:1      | 0 ||| qw: Game counter: 1785
     0 | D:1      | 0 ||| qw: Melee chars always use a shield: true
     0 | D:1      | 0 ||| qw: God list: Okawaru
     0 | D:1      | 0 ||| qw: Allow faded altars: false
     0 | D:1      | 0 ||| qw: Do Orc after clearing Dungeon:15 true
     0 | D:1      | 0 ||| qw: Do second Lair branch before Depths: true
     0 | D:1      | 0 ||| qw: Lair rune preference: random
     0 | D:1      | 0 ||| qw: Goals: Normal
     0 | D:1      | 0 ||| PLANNING D:1-11
    77 | D:1      | Reached XP level 2. HP: 17/17 MP: 2/2
   338 | D:1      | Reached XP level 3. HP: 21/21 MP: 3/3
   391 | D:1      | Reached skill level 5 in Ranged Weapons
   693 | D:1      | 693 ||| UPGRADING to +0 pair of boots.
   698 | D:1      | 698 ||| READING 3 scrolls labelled GENKAA QIUP.
   699 | D:1      | 699 ||| READING scroll labelled WIZOWE GYNUQ.
   700 | D:1      | 700 ||| READING scroll labelled NEH NEUNELISUM.
   705 | D:1      | 705 ||| DRINKING 2 bubbling dark potions.
   706 | D:1      | 706 ||| READING 2 scrolls of identify.
   706 | D:1      | 706 ||| IDENTIFYING blue potion
   707 | D:1      | 707 ||| DROPPING scroll of butterflies.
   757 | D:2      | 757 ||| STAIRDANCE
   776 | D:2      | 776 ||| STAIRDANCE
  1040 | D:2      | Noticed Terence
  1042 | D:2      | 1042 ||| FLEEEEING.
  1053 | D:2      | 1053 ||| FLEEEEING.
  1054 | D:2      | 1054 ||| FLEEEEING.
  1055 | D:2      | 1055 ||| FLEEEEING.
  1056 | D:2      | 1056 ||| FLEEEEING.
  1064 | D:2      | 1064 ||| FLEEEEING.
  1069 | D:2      | 1069 ||| FLEEEEING.
  1070 | D:2      | 1070 ||| FLEEEEING.
  1087 | D:2      | HP: 4/22 [Terence/puff of flame (4)]
  1091 | D:2      | Slain by Terence

Levels and vault maps discovered:
D:1:      minmay_arrival_jagged, layout_basic
D:2:      layout_loops_cross, basic_altar, serial_shops,
          nicolae_shop_window_shopping, uniq_jessica, uniq_terence

Skill      XL: |  1  2  3 |
---------------+----------+-----
Ranged Weapons | 5 |  5.0
Fighting       | |  2.7
Dodging        | |  1.5
Stealth        | |  1.1

Action                     || total
---------------------------++-------
   Fire: Shortbow          ||    98
    Use: Scroll            ||     4
         Potion            ||     1
 Armour: Leather armour    ||    44
  Dodge: Dodged            ||    37

Table legend:
 A = Non-vault XP
 B = Vault XP
 C = Vault XP percentage of total XP
 D = Non-vault monster count
 E = Vault monster count
 F = Vault count percentage of total count
                 A         B        C        D         E       F
            +---------+---------+-------+---------+---------+-------
      Total |      60 |       0 |   0.0 |      31 |       0 |   0.0
            +---------+---------+-------+---------+---------+-------
        D:1 |      44 |       0 |   0.0 |      22 |       0 |   0.0
        D:2 |      16 |       0 |   0.0 |       9 |       0 |   0.0
            +---------+---------+-------+---------+---------+-------
